AoeStats
← danilevanchd

Black Forest

508474540Analyzed
2v2 RM · 10d ago on Sep 22, 2026· 47m 20s· 4 players
Game mode
Random Map
Map size
Medium (4 player)
Population
200
Speed
Normal
Resources
Standard
Victory
Conquest
Starting age
Dark Age
Ending age
Imperial Age
RankedLock teamsTeams togetherTeam positionsShared explorationLock speedFull tech treeHidden civsTurbo modeCheats
Victory
Defeat
🇦🇷 Persians · Argentina
1068
+14
🇦🇷 Turks · Argentina
1064
+14
🇸🇪 Saxons · Sweden
1056
-16
🇸🇪 Varangians · Sweden
983
-12
keva98
10:47 Feudal Age
14:37 Castle Age
12:49 Double-Bit Axe
13:18 Horse Collar
18:29 Loom
19:05 Town Watch
27:10 Wheelbarrow
28:19 Bow Saw
28:12 Heavy Plow
28:05 Gold Mining
28:05 Stone Mining
28:45 Hand Cart
28:22 Town Watch
29:05 Squires
28:54 Gambesons
28:56 Arson
32:43 Imperial Age
30:27 Scale Mail Armor
30:59 Forging
30:55 Fletching
31:07 Padded Archer Armor
31:47 Gold Shaft Mining
31:57 Caravan
32:49 Iron Casting
32:31 Chain Mail Armor
32:37 Bodkin Arrow
32:47 Elite Hearth Troop
32:53 Shield Wall
33:54 Conscription
33:55 Treadmill Crane
34:36 Ballistics
35:17 Chemistry
34:00 Elite Varangian Guard
36:06 Bracer
36:22 Leather Archer Armor
36:27 Town Patrol
36:17 Elite Skirmisher
37:07 Thumb Ring
37:41 Plate Mail Armor
42:47 Ring Archer Armor
42:23 Scale Barding Armor
danilevanchd
9:03 Loom
11:09 Feudal Age
17:17 Castle Age
15:56 Horse Collar
17:42 Bloodlines
19:32 Double-Bit Axe
28:24 Bow Saw
29:03 Scale Barding Armor
32:46 Wheelbarrow
34:51 Imperial Age
33:16 Chain Barding Armor
32:58 Padded Archer Armor
32:49 Fletching
34:45 Hand Cart
34:46 Heavy Plow
35:04 Fortified Wall
35:15 Ballistics
35:21 Bodkin Arrow
35:42 Leather Archer Armor
35:31 Husbandry
35:18 Onager
36:14 Stone Mining
36:14 Gold Mining
36:20 Stone Mining
37:05 Crop Rotation
36:24 Town Watch
37:56 Chemistry
37:08 Masonry
36:57 Murder Holes
37:14 Siege Engineers
38:50 Town Patrol
38:42 Cavalier
39:34 Caravan
40:52 Cranequins
42:42 Plate Barding Armor
41:45 Heavy Mounted Crossbowman
43:06 Ring Archer Armor
42:37 Bracer
44:06 Forging
43:54 Vendel Legacy
MAVERICK
0:38 Loom
14:52 Feudal Age
19:30 Castle Age
17:43 Stone Mining
17:41 Double-Bit Axe
17:38 Horse Collar
17:52 Gold Mining
20:06 Bow Saw
20:15 Pikeman
27:59 Squires
31:49 Heavy Plow
35:22 Imperial Age
32:47 Fletching
35:34 Scale Mail Armor
35:41 Scale Barding Armor
35:32 Bodkin Arrow
37:51 Chemistry
36:48 Murder Holes
37:07 Devotion
38:13 Conscription
38:27 Masonry
39:05 Wheelbarrow
39:42 Two-Man Saw
40:12 Chain Barding Armor
40:07 Chain Mail Armor
40:00 Town Watch
40:35 Hand Cart
41:11 Crop Rotation
41:35 Town Patrol
42:21 Gold Shaft Mining
42:18 Kamandaran
43:08 Plate Mail Armor
43:14 Plate Barding Armor
42:36 Crossbowman
43:23 Thumb Ring
44:51 Padded Archer Armor
45:02 Forging
45:18 Ballistics
44:54 Murder Holes
44:55 Halberdier
46:31 Citadels
48:23 Iron Casting
48:04 Leather Archer Armor
balgarv
0:54 Loom
13:06 Feudal Age
17:38 Castle Age
15:53 Double-Bit Axe
18:30 Bow Saw
24:58 Horse Collar
28:29 Wheelbarrow
29:18 Heavy Plow
32:19 Imperial Age
30:05 Gold Mining
30:36 Hand Cart
30:13 Stone Mining
32:12 Scale Barding Armor
32:51 Gold Shaft Mining
32:27 Fishing Lines
32:53 Husbandry
33:03 Bloodlines
34:03 Padded Archer Armor
34:24 Chain Barding Armor
33:55 Elite Janissary
35:08 Leather Archer Armor
35:04 Forging
35:14 Fletching
35:57 Conscription
36:25 Bombard Tower
36:26 Ballistics
35:48 Treadmill Crane
36:10 Gillnets
37:30 Two-Man Saw
37:30 Ring Archer Armor
37:11 Artillery
37:12 Bodkin Arrow
38:38 Plate Barding Armor
38:10 Bracer
38:45 Iron Casting
37:51 Heavy Camel Rider
37:52 Cavalier
38:43 Scale Mail Armor
40:05 Masonry
39:51 Murder Holes
40:08 Fortified Wall
41:51 Blast Furnace
42:38 Caravan
47:45 Chain Mail Armor
Connection lost

Rejoining the realm…

Still unreachable

The connection could not be restored.

Session expired

The server has moved on; the page needs a fresh start.